AoeStats
← Demonitox

African Clearing

506958716Analyzed
2v2 RM · 18d ago on Sep 16, 2026· 43m 52s· 4 players
Game mode
Random Map
Map size
Medium (4 player)
Population
200
Speed
Normal
Resources
Standard
Victory
Conquest
Starting age
Dark Age
Ending age
Imperial Age
RankedLock teamsTeams togetherTeam positionsShared explorationLock speedFull tech treeHidden civsTurbo modeCheats
Victory
Defeat
🇧🇷 Burmese · Brazil
1586
+16
🇲🇽 Armenians · Mexico
1581
+17
🇫🇷 Bengalis · France
1662
-19
🇫🇷 Burgundians · France
1531
-14
Ganso_lm
13:53 Feudal Age
12:11 Loom
15:22 Double-Bit Axe
18:03 Castle Age
16:41 Horse Collar
16:53 Gold Mining
19:48 Squires
20:57 Sanctity
24:34 Redemption
26:35 Fletching
29:27 Pikeman
30:16 Scale Mail Armor
30:37 Halberdier
32:49 Chain Mail Armor
34:57 Wheelbarrow
36:37 Man-at-Arms
37:02 Gambesons
40:58 Imperial Age
39:07 Forging
38:20 Long Swordsman
38:46 Arson
39:36 Two-Handed Swordsman
40:53 Bow Saw
41:18 Gold Shaft Mining
40:51 Heavy Plow
41:15 Capped Ram
42:44 Plate Mail Armor
43:04 Block Printing
42:50 Champion
45:00 Iron Casting
wEEBER
12:44 Feudal Age
16:38 Castle Age
15:19 Loom
17:52 Gold Mining
19:26 Wheelbarrow
20:16 Horse Collar
21:31 Gold Shaft Mining
21:44 Sanctity
22:48 Town Watch
26:52 Heavy Plow
26:59 Padded Archer Armor
28:47 Bloodlines
29:29 Redemption
29:56 Scale Barding Armor
31:14 Fletching
31:45 Husbandry
35:17 Imperial Age
35:05 Chain Barding Armor
35:25 Forging
36:34 Conscription
38:07 Plate Barding Armor
38:06 Bodkin Arrow
39:15 Howdah
39:36 Elite Battle Elephant
40:25 Howdah
41:30 Devotion
41:05 Elite Arambai
42:28 Manipur Cavalry
42:49 Bracer
Roronoa Yolo
12:53 Feudal Age
14:15 Loom
16:53 Castle Age
15:59 Double-Bit Axe
16:18 Fletching
16:22 Gold Mining
18:46 Bow Saw
21:07 Bodkin Arrow
24:20 Horse Collar
25:56 Wheelbarrow
27:43 Devotion
28:59 Ballistics
36:07 Imperial Age
34:35 Padded Archer Armor
34:55 Hand Cart
37:55 Bracer
40:18 Chemistry
Demonitox
13:08 Feudal Age
11:30 Loom
13:04 Double-Bit Axe
16:40 Castle Age
15:11 Horse Collar
15:56 Gold Mining
16:58 Bow Saw
16:45 Cavalier
17:55 Forging
23:42 Scale Barding Armor
25:15 Husbandry
26:24 Light Cavalry
32:06 Two-Man Saw
31:41 Heavy Plow
32:16 Chain Barding Armor
34:36 Gold Shaft Mining
35:28 Burgundian Vineyards
36:03 Man-at-Arms
36:43 Squires
40:43 Wheelbarrow
39:54 Town Watch
43:02 Imperial Age
40:35 Long Swordsman
42:15 Scale Mail Armor
42:50 Iron Casting
43:13 Two-Handed Swordsman
Connection lost

Rejoining the realm…

Still unreachable

The connection could not be restored.

Session expired

The server has moved on; the page needs a fresh start.